 Dungeon Crawl Stone Soup version 0.20-b1 (webtiles) character file.

356261 Zwobot the Hoplite (level 22, -5/190 HPs)
             Began as a Barachi Fighter on May 18, 2017.
             Was a High Priest of Okawaru.
             Slain by a small abomination (10 damage)
             ... on level 4 of the Abyss.
             The game lasted 02:34:18 (39607 turns).

Zwobot the Hoplite (Barachi Fighter)               Turns: 39607, Time: 02:34:19

Health: -5/190     AC: 41    Str: 23      XL:     22   Next: 34%
Magic:  28/28      EV: 20    Int:  0 (8)  God:    Okawaru [*****.]
Gold:   1394       SH: 29    Dex: 19      Spells: 19/21 levels left

rFire    + . .     SeeInvis +   r - +7 eveningstar (vamp)
rCold    + . .     Gourm    .   X - +2 large shield {reflect}
rNeg     + . .     Faith    .   l - +9 storm dragon scales {Bai Suzhen}
rPois    .         Spirit   .   n - +1 helmet
rElec    +         Reflect  +   h - scarf {rC+ rF+}
rCorr    +         Harm     .   D - +3 pair of gloves of Filth {rElec Dex+4}
MR       +++..     Rnd*Rage +   S - +2 pair of boots of the Assassin {Detection Stab+ Stlth++}
Stlth    ++........             H - amulet of regeneration
Regen    0.9/turn               B - ring of Scepticism {rCorr +Fly MR++ Int-2 SInv}
MPRegen  0.3/turn               b - ring of positive energy

@: heroism, slowed, lost intelligence, very slow
A: +LOS, swims, berserk 1, slowness 1, no potion heal 1, strong legs 2
}: 2/15 runes: decaying, serpentine
a: Hop, Heroism, Finesse, Renounce Religion, Evoke Flight


You were on level 4 of the Abyss.
You worshipped Okawaru.
Okawaru was extremely pleased with you.
You were completely stuffed.

You visited 6 branches of the dungeon, and saw 32 of its levels.
You visited the Abyss 1 time.
You visited 1 bazaar.
You also visited: Bailey and Ice Cave.

You collected 4488 gold pieces.
You spent 3094 gold pieces at shops.

Inventory:

Hand Weapons
 a - a +5 demon whip of electrocution
 r - a +7 vampiric eveningstar (weapon)
 W - the +5 demon whip of Azxim {venom, rF++ Int+4 Dex+2}
   (You acquired it in a bailey)

   It poisons the flesh of those it strikes.
   It affects your intelligence (+4).
   It affects your dexterity (+2).
   It greatly protects you from fire.
Missiles
 o - 9 steel javelins (quivered)
 y - 15 javelins of penetration
 z - 16 javelins of returning
 K - 4 throwing nets
Armour
 h - a scarf of resistance (worn)
 l - +9 storm dragon scales (worn) {Bai Suzhen}
 n - a +1 helmet (worn)
 D - the +3 pair of gloves of Filth (worn) {rElec Dex+4}
   (You took it off Nikola on level 2 of the Swamp)

   It affects your dexterity (+4).
   It insulates you from electricity.
 S - the +2 pair of boots of the Assassin (worn) {Detection Stab+ Stlth++}
   (You found it in an ice cave)

   It makes you much more stealthy.
 X - a +2 large shield of reflection (worn)
Jewellery
 b - a ring of positive energy (right hand)
 B - the ring of Scepticism (left hand) {rCorr +Fly MR++ Int-2 SInv}
   (You bought it in a shop on level 2 of the Orcish Mines)

   [ring of resist corrosion]

   It affects your intelligence (-2).
   It affects your resistance to hostile enchantments.
   It lets you see invisible.
   It lets you fly.
 F - an uncursed ring of protection from cold
 H - an amulet of regeneration (around neck)
 V - an uncursed ring of poison resistance
Wands
 m - a wand of digging (0/24)
 I - a wand of disintegration (7/24)
 L - a wand of iceblast (4/15)
 M - a wand of clouds (4/9)
 O - a wand of paralysis (9/24)
 P - a wand of acid (14/15)
Scrolls
 e - 5 scrolls of fog
 j - 8 scrolls of remove curse
 k - 10 scrolls of recharging
 p - 8 scrolls of identify
 s - a scroll of amnesia
 u - 3 scrolls of magic mapping
 J - 4 scrolls of teleportation
 Q - 2 scrolls of fear
 T - 2 scrolls of blinking
Potions
 d - 3 potions of curing
 g - 2 potions of flight
 i - a potion of invisibility
 x - 6 potions of haste
 A - 3 potions of magic
 U - a potion of agility
 Y - a potion of berserk rage
 Z - a potion of cancellation
Miscellaneous
 q - a lamp of fire
 C - a lightning rod (4/4)
 N - a sack of spiders
Comestibles
 f - 21 bread rations
 t - 13 meat rations


   Skills:
 + Level 20.0(25.0) Fighting
 + Level 18.3(23.3) Maces & Flails
 - Level 4.7(9.7) Throwing
 - Level 17.1(22.1) Armour
 - Level 10.1(15.1) Dodging
 - Level 23.5(27) Shields
 - Level 8.2 Invocations
 - Level 5.3 Evocations


You had 19 spell levels left.
You knew the following spells:

 Your Spells              Type           Power        Failure   Level  Hunger
a - Blink                 Tloc           N/A          98%         2    ###....


Dungeon Overview and Level Annotations

Branches:
Dungeon (13/15)            Temple (0/1) D:7            Lair (6/6) D:10
  Swamp (4/4) Lair:3        Snake (4/4) Lair:4        Slime (0/5) Lair:5
    Orc (2/2) D:12            Elf (0/3) Orc:2        Vaults (3/5) D:13
  Crypt (0/3) Vaults:2

Altars:
Ashenzari
Cheibriados
Dithmenos
Fedhas
Kikubaaqudgha
Makhleb
Okawaru
Sif Muna
Vehumet
Yredelemnul
Beogh
Jiyva

Shops:
D:6 [   Orc:1 *   Orc:2 [*[=   Snake:1 *   Snake:2 [=   Snake:3 *

Portals:
Trove: D:11 (show abyssal rune of Zot)

Annotations:
D:9 Erolcha


Innate Abilities, Weirdness & Mutations

Shadows flee at your approach. (+LOS)
You can swim through water.
You cover ground slowly.
You can hop longer distances.
You tend to lose your temper in combat.
Potions are less effective at restoring your health.


Message History

You block the small abomination's attack.
The small abomination barely misses you.
You thump the starcursed mass!
The starcursed mass is severely damaged.
The starcursed mass shudders and is absorbed by its neighbour.
A starcursed mass splits.
A chorus of shrieks assaults your mind.
* * * LOW HITPOINT WARNING * * *
A starcursed mass splits.
You block the small abomination's attack.
A vampire comes into view.
You puncture the starcursed mass!
The starcursed mass is severely damaged.
The starcursed mass shudders and is absorbed by its neighbour.
You block the small abomination's attack.
A chorus of shrieks assaults your mind.
* * * LOW HITPOINT WARNING * * *
The small abomination completely misses you.
The small abomination hits you!
You die...

. . ..# ... #.
. # # # . .#. .
# . . ... . ..
# . .# #.##
....#V## .#...
#.#.†X#####.#.#
#. # #
#.X.4{X..# ...
#>Xx#x.#...#
#)#{#@xX.# . #
###..# . .. ..h
#$.. # ....##.
.# ..# # .# . .
w .# . . # . #
# . . . #. #


You could see 4 starcursed masses, a large abomination, a chaos spawn, a vampire
and 3 small abominations.

Vanquished Creatures
  Bai Suzhen (Swamp:4)
  Margery (Vaults:2)
  Nikola (Swamp:2)
  An Ice Fiend (IceCv)
  2 liches (Abyss:4)
  Frances (Snake:1)
  3 tentacled starspawn (Abyss:4)
  2 thorn hunters
  9 nagarajas
  A draconian monk (Abyss:4)
  Roxanne (Swamp:4)
  8 vault wardens
  2 orc warlords
  A ghoul (Vaults:2)
  Aizul (Snake:4)
  9 ironheart preservers
  Nessos (Lair:4)
  4 stone giants
  2 entropy weavers
  A vampire knight (Vaults:2)
  A green draconian (Abyss:4)
  2 deep elf annihilators (Vaults:1)
  A dire elephant (Lair:2)
  An ettin (Vaults:3)
  A deep elf death mage (Vaults:1)
  An eidolon (Vaults:2)
  Snorg (Lair:4)
  2 fire dragons (Vaults:1)
  4 yaktaur captains
  11 vault guards
  2 great orbs of eyes (shapeshifter) (Abyss:4)
  18 hydras
  5 great orbs of eyes
  4 ice dragons
  15 naga warriors
  3 rakshasas
  26 anacondas
  A catoblepas (Lair:6)
  A ghost crab (Swamp:2)
  Erica (D:10)
  7 alligators
  3 centaur warriors
  3 deep troll shamans
  13 death yaks
  Urug (Lair:2)
  49 two-headed ogres
  11 ogre magi
  An orc high priest (Vaults:3)
  4 hell hogs (Abyss:4)
  6 shock serpents
  18 naga sharpshooters
  9 thrashing horrors (Abyss:4)
  4 hell knights (Vaults:2)
  2 deep elf knights
  43 slime creatures
  6 wretched stars (Abyss:4)
  Nergalle (D:10)
  A storm dragon zombie (Vaults:1)
  A shadow wraith (Vaults:3)
  2 salamander mystics (Snake:2)
  A sixfirhy (Abyss:4)
  8 skeletal warriors
  3 spriggan druids
  A death drake (Abyss:4)
  7 deep trolls
  7 unseen horrors (Abyss:4)
  3 wizards
  A glowing orange brain (Abyss:4)
  A shambling mangrove (Swamp:4)
  A phantasmal warrior (Abyss:4)
  14 swamp dragons
  2 naga ritualists (Snake:2)
  17 orc knights
  5 deep elf archers
  A lindwurm (Lair:2)
  9 harpies
  A sphinx zombie (Vaults:2)
  A tengu zombie (Vaults:3)
  4 orc sorcerers
  7 mana vipers
  5 necromancers
  2 wolf spiders
  12 ironbrand convokers
  12 deep elf magi
  11 salamanders
  An orb spider (shapeshifter) (Vaults:1)
  A cyclops (shapeshifter) (Vaults:2)
  5 cyclopes
  18 elephants
  17 ugly things
  14 guardian serpents
  4 worldbinders (Abyss:4)
  25 black mambas
  4 smoke demons (Abyss:4)
  2 gargoyles (D:13)
  7 vault sentinels
  17 spiny frogs
  An apocalypse crab (Abyss:4)
  9 naga magi
  A torpor snail (Lair:3)
  5 komodo dragons
  A yaktaur zombie (Vaults:2)
  5 rime drakes
  17 yaktaurs
  10 freezing wraiths
  2 kobold demonologists (Swamp:2)
  6 ice devils (IceCv)
  An anaconda simulacrum (IceCv)
  A guardian mummy (D:11)
  7 ancient zymes (Abyss:4)
  A harpy zombie (Abyss:4)
  11 trolls
  A jumping spider (Vaults:2)
  6 hornets
  2 tengu conjurers (D:13)
  A jumping spider (shapeshifter) (Vaults:2)
  A queen bee (Lair:3)
  4 polar bears
  5 dream sheep (Lair:6)
  7 tyrant leeches
  A wolf spider simulacrum (IceCv)
  Grinder (D:4)
  21 blink frogs
  7 bog bodies
  18 raiju (Abyss:4)
  An alligator zombie (Abyss:4)
  6 hippogriffs
  An ettin zombie (Vaults:3)
  A meliai zombie (D:12)
  10 large abominations (Abyss:4)
  2 stone giant simulacra
  A frost giant simulacrum (Vaults:1)
  11 redbacks
  A redback (shapeshifter) (Vaults:2)
  2 ynoxinuls (Abyss:4)
  37 starcursed masses (Abyss:4)
  10 spriggans
  A spriggan (shapeshifter) (D:12)
  2 dire elephant simulacra (IceCv)
  A tarantella (shapeshifter) (Vaults:3)
  2 vampires
  2 golden eyes (Abyss:4)
  24 yaks
  4 wraiths
  3 wyverns
  19 vampire mosquitoes
  3 basilisks
  2 death yak simulacra (IceCv)
  3 chaos spawn (Abyss:4)
  5 neqoxecs (Abyss:4)
  Menkaure (D:7)
  2 harpy simulacra (IceCv)
  57 nagas
  6 wargs
  A hungry ghost (D:13)
  11 insubstantial wisps
  17 swamp worms
  3 acid dragons
  7 hydra simulacra (IceCv)
  33 water moccasins
  11 porcupines
  A phantom (D:3)
  2 sky beasts (D:8)
  An ettin simulacrum (IceCv)
  26 orc warriors
  3 ice beasts (D:8)
  6 swamp drakes
  A black bear (shapeshifter) (Abyss:4)
  5 boggarts
  7 centaurs
  An alligator simulacrum (IceCv)
  4 necrophages
  15 wolves
  4 black bears
  47 ogres
  2 big kobolds
  10 crocodiles
  16 bullfrogs
  10 small abominations (Abyss:4)
  2 wyvern skeletons
  3 scorpions
  40 killer bees
  A human simulacrum (Vaults:2)
  5 wights
  5 electric eels
  2 jellies
  5 howler monkeys
  5 crimson imps
  4 draconian simulacra (IceCv)
  2 hounds
  4 human zombies
  18 orc priests
  4 bullfrog zombies
  3 centaur skeletons
  18 orc wizards
  An iron imp (Abyss:4)
  3 iguanas
  3 human skeletons
  Ijyb (D:4)
  2 spriggan simulacra (IceCv)
  4 worker ants
  2 troll simulacra (IceCv)
  An ogre zombie (D:13)
  A hound skeleton (D:4)
  2 mummies (D:13)
  A worker ant zombie (D:7)
  3 gnolls (Bailey)
  A naga simulacrum (IceCv)
  16 adders
  A howler monkey skeleton (D:7)
  4 ogre simulacra (IceCv)
  3 shadow imps
  5 white imps (IceCv)
  3 ufetubi (IceCv)
  2 oozes
  2 worms
  2 adder skeletons
  2 dart slugs
  6 leopard geckos
  90 orcs
  8 giant cockroaches
  14 goblins
  8 hobgoblins
  3 jackals (D:1)
  2 quokkas
  5 ball pythons
  8 bats
  3 frilled lizards
  A jackal skeleton (D:7)
  A jackal zombie (D:5)
  28 kobolds
  A quokka skeleton (D:7)
  A quokka zombie (D:5)
  7 rats
  2 briar patches (Swamp:3)
  A lurking horror (Abyss:4)
  A plant (Lair:1)
  4 starspawn tentacles (Abyss:4)
1586 creatures vanquished.

Vanquished Creatures (collateral kills)
  An ogre (D:8)
1 creature vanquished.

Vanquished Creatures (others)
  Vashnia (Snake:2)
  Donald (Swamp:4)
  A yaktaur captain (Vaults:1)
  2 naga sharpshooters (Snake:2)
  A large abomination (Abyss:4)
  2 deep elf archers
  A naga mage (Snake:2)
  A spiny frog (Swamp:2)
  7 yaktaurs
  2 ogres (Vaults:3)
  2 centaurs
  34 fungi
  3 lurking horrors (Abyss:4)
  15 plants
  17 starspawn tentacles (Abyss:4)
  8 toadstools (Lair:2)
98 creatures vanquished.

Grand Total: 1685 creatures vanquished

Notes
Turn   | Place    | Note
-------+----------+-------------------------------------------
     0 | D:1      | Zwobot the Barachi Fighter began the quest for the Orb.
     0 | D:1      | Reached XP level 1. HP: 18/18 MP: 1/1
    45 | D:1      | Reached XP level 2. HP: 16/25 MP: 2/2
   394 | D:1      | Reached XP level 3. HP: 30/30 MP: 3/3
  1408 | D:2      | Reached XP level 4. HP: 37/37 MP: 4/4
  1782 | D:3      | Found an ancient bone altar of Kikubaaqudgha.
  1975 | D:3      | Noticed a phantom
  2010 | D:3      | Killed a phantom
  2010 | D:3      | Reached skill level 5 in Maces & Flails
  2010 | D:3      | Reached XP level 5. HP: 40/42 MP: 5/5
  2165 | D:3      | Noticed an ogre
  2174 | D:3      | Killed an ogre
  2174 | D:3      | Reached XP level 6. HP: 24/48 MP: 6/6
  2542 | D:3      | Found an iron altar of Okawaru.
  2546 | D:3      | Found a basalt altar of Yredelemnul.
  2553 | D:3      | Found a shadowy altar of Dithmenos.
  2623 | D:3      | Became a worshipper of Warmaster Okawaru
  2725 | D:4      | Found a shattered altar of Ashenzari.
  2935 | D:4      | Got a slimy plate armour
  2947 | D:4      | Identified the +3 plate armour "Rusteh" {*Drain +Fly rPois rF-} (You found it on level 4 of the Dungeon)
  3059 | D:4      | Reached skill level 5 in Armour
  3059 | D:4      | Reached XP level 7. HP: 52/55 MP: 7/7
  3130 | D:4      | Noticed Ijyb
  3144 | D:4      | Killed Ijyb
  3192 | D:4      | Noticed Grinder
  3193 | D:4      | Paralysed by Grinder for 3 turns
  3212 | D:4      | Paralysed by Grinder for 6 turns
  3225 | D:4      | Killed Grinder
  3733 | D:5      | Entered Level 5 of the Dungeon
  3846 | D:5      | Reached XP level 8. HP: 61/61 MP: 8/8
  3969 | D:5      | Found a blossoming altar of Fedhas.
  3994 | D:5      | Reached * piety under Okawaru
  4197 | D:6      | Reached skill level 5 in Fighting
  4709 | D:6      | You fall through a shaft!
  4724 | D:7      | Found an ancient bone altar of Kikubaaqudgha.
  4728 | D:7      | Found a blossoming altar of Fedhas.
  4837 | D:6      | Found Ontipnir's Armour Boutique.
  5131 | D:7      | Reached skill level 10 in Maces & Flails
  5447 | D:7      | Noticed Menkaure
  5459 | D:7      | Killed Menkaure
  5459 | D:7      | Reached XP level 9. HP: 66/66 MP: 6/9
  5465 | D:7      | Reached ** piety under Okawaru
  5584 | D:7      | Found a staircase to the Ecumenical Temple.
  5657 | D:7      | Found a burning altar of Makhleb.
  6111 | D:8      | Found a snail-covered altar of Cheibriados.
  6191 | D:8      | Noticed a hornet
  6194 | D:8      | Noticed a hornet
  6214 | D:8      | Paralysed by a hornet for 1 turns
  6430 | D:8      | Paralysed by a hornet for 2 turns
  6431 | D:8      | Killed a hornet
  6564 | D:8      | Paralysed by a hornet for 2 turns
  6569 | D:8      | Killed a hornet
  6569 | D:8      | Reached *** piety under Okawaru
  6581 | D:8      | Reached XP level 10. HP: 76/79 MP: 10/10
  7057 | D:8      | Noticed a two-headed ogre
  7069 | D:8      | Killed a two-headed ogre
  7360 | D:9      | Noticed Erolcha
  7369 | D:10     | Entered Level 10 of the Dungeon
  7383 | D:10     | Noticed Erica
  7397 | D:10     | Killed Erica
  7397 | D:10     | Reached **** piety under Okawaru
  7397 | D:10     | Reached skill level 4 in Shields
  7397 | D:10     | Reached skill level 1 in Evocations
  7737 | D:10     | Noticed Nergalle
  7906 | D:10     | Killed Nergalle
  7906 | D:10     | Reached skill level 5 in Evocations
  8130 | D:10     | Reached skill level 1 in Invocations
  8166 | D:10     | Reached XP level 11. HP: 36/87 MP: 15/15
  8494 | D:10     | Reached ***** piety under Okawaru
  8524 | D:10     | Found a staircase to the Lair.
  8805 | D:10     | Identified the Reference Book on Dusty Feathers
  8878 | D:11     | Identified a scroll of acquirement
  8982 | D:11     | Noticed a brown ugly thing
  8994 | D:11     | Killed a brown ugly thing
  8997 | D:11     | Reached skill level 5 in Invocations
  9093 | D:11     | Found a flagged portal.
  9104 | Bailey   | Entered a bailey
  9108 | Bailey   | Noticed an orc warlord
  9168 | Bailey   | Received a gift from Okawaru
  9220 | Bailey   | Found a runed gate.
  9222 | Bailey   | Found a runed gate.
  9224 | Bailey   | Found a runed gate.
  9232 | Bailey   | Noticed an orc knight
  9264 | Bailey   | Killed an orc knight
  9445 | Bailey   | Killed an orc warlord
  9592 | Bailey   | Got an ancient demon whip
  9593 | Bailey   | Identified the +5 demon whip of Azxim {venom, rF++ Int+4 Dex+2} (You acquired it in a bailey)
  9773 | D:11     | Noticed a cyclops
  9784 | D:11     | Killed a cyclops
  9953 | D:11     | Reached skill level 5 in Shields
  9965 | D:11     | Reached skill level 10 in Armour
  9965 | D:11     | Reached skill level 6 in Shields
  9965 | D:11     | Reached XP level 12. HP: 88/97 MP: 16/16
 10082 | D:11     | Reached skill level 7 in Shields
 10120 | D:11     | Found a portal to a secret trove of treasure.
 10128 | D:11     | Reached skill level 10 in Fighting
 10289 | D:12     | Noticed a two-headed ogre
 10534 | D:12     | Noticed a two-headed ogre
 10544 | D:12     | Killed a two-headed ogre
 10577 | D:12     | Killed a two-headed ogre
 10577 | D:12     | Reached ****** piety under Okawaru
 10622 | D:11     | Received a gift from Okawaru
 10772 | D:12     | Noticed a centaur warrior
 10851 | D:12     | Killed a centaur warrior
 10851 | D:12     | Reached skill level 5 in Dodging
 10851 | D:12     | Reached skill level 8 in Shields
 10851 | D:12     | Gained mutation: You can hop longer distances. [Barachi growth]
 10851 | D:12     | Reached XP level 13. HP: 63/105 MP: 17/17
 11245 | D:12     | Found a staircase to the Orcish Mines.
 11684 | D:13     | Reached skill level 9 in Shields
 11767 | D:13     | Received a gift from Okawaru
 12110 | D:13     | Received a gift from Okawaru
 12482 | D:13     | Received a gift from Okawaru
 12482 | D:13     | Reached skill level 10 in Shields
 12508 | D:13     | Found a gate to the Vaults.
 12886 | D:13     | Found a basalt altar of Yredelemnul.
 13174 | Lair:1   | Entered Level 1 of the Lair of Beasts
 13241 | Lair:1   | Received a gift from Okawaru
 14158 | Lair:2   | Found a runed door.
 14191 | Lair:2   | Noticed Urug
 14207 | Lair:2   | Killed Urug
 14207 | Lair:2   | Reached skill level 11 in Shields
 14468 | Lair:2   | Reached XP level 14. HP: 66/113 MP: 18/18
 14895 | Lair:2   | Noticed a dire elephant
 14910 | Lair:2   | Killed a dire elephant
 15428 | Lair:3   | Reached skill level 12 in Shields
 15507 | Lair:3   | Found a staircase to the Swamp.
 15799 | Lair:3   | Got a pitted marble ring
 15801 | Lair:3   | Identified the ring "Tubesch" {rCorr Stlth+} (You acquired it on level 3 of the Lair of Beasts)
 16147 | Lair:4   | Noticed Nessos
 16263 | Lair:4   | Killed Nessos
 16263 | Lair:4   | Received a gift from Okawaru
 16263 | Lair:4   | Reached skill level 13 in Shields
 16319 | Lair:4   | Found a staircase to the Snake Pit.
 16365 | Lair:4   | Got a faintly humming scale mail
 16376 | Lair:4   | Identified the cursed +1 scale mail of the Well-Known Orbs {rCorr} (You found it on level 4 of the Lair of Beasts)
 16447 | Lair:4   | Found a deep blue altar of Sif Muna.
 16464 | Lair:4   | Noticed Snorg
 16479 | Lair:4   | Killed Snorg
 17439 | Lair:5   | Reached skill level 14 in Shields
 17439 | Lair:5   | Reached XP level 15. HP: 105/122 MP: 19/19
 17591 | Lair:5   | Found a viscous altar of Jiyva.
 17591 | Lair:5   | Found a staircase to the Slime Pits.
 17970 | Lair:6   | Entered Level 6 of the Lair of Beasts
 18079 | Lair:6   | Received a gift from Okawaru
 18671 | Lair:6   | Received a gift from Okawaru
 18671 | Lair:6   | Reached skill level 15 in Shields
 18681 | Lair:6   | Got an ichor-stained plate armour {god gift}
 18787 | Lair:6   | Identified the +0 plate armour of Zusuowk {+Fly rF+ Str+3 Int+4} (Okawaru gifted it to you on level 6 of the Lair of Beasts)
 19271 | Orc:1    | Entered Level 1 of the Orcish Mines
 19683 | Orc:1    | Found a roughly hewn altar of Beogh.
 19805 | Orc:1    | Found Baicho's General Store.
 20078 | Orc:2    | Entered Level 2 of the Orcish Mines
 20531 | Orc:2    | Reached skill level 16 in Shields
 20587 | Orc:2    | Found Gaploota's Jewellery Shoppe.
 20606 | Orc:2    | Found Kidoe's Antique Armour Emporium.
 20613 | Orc:2    | Received a gift from Okawaru
 20649 | Orc:2    | Reached XP level 16. HP: 68/133 MP: 14/20
 20655 | Orc:2    | Received a gift from Okawaru
 21074 | Orc:2    | Found Zotorykh's General Store.
 21083 | Orc:2    | Found Tisirerr's Armour Shoppe.
 21233 | Orc:2    | Received a gift from Okawaru
 21303 | Orc:2    | Found a staircase to the Elven Halls.
 21473 | Orc:2    | Bought a runed helmet for 277 gold pieces
 21473 | Orc:2    | Bought a spiked shield for 351 gold pieces
 21498 | Orc:2    | Identified the cursed +0 shield of the Merchant {rElec rF+ Int+8 Dex-2} (You bought it in a shop on level 2 of the Orcish Mines)
 21507 | Orc:2    | Bought the ring of Scepticism {rCorr +Fly MR++ Int-2 SInv} for 637 gold pieces
 21743 | Snake:1  | Entered Level 1 of the Snake Pit
 21743 | Snake:1  | Noticed Frances
 21760 | Snake:1  | Killed Frances
 21787 | Snake:1  | Found Cilae's Assorted Antiques.
 21811 | Snake:1  | Bought a scroll of enchant armour for 225 gold pieces
 21811 | Snake:1  | Bought a potion of curing for 90 gold pieces
 21811 | Snake:1  | Bought a potion of haste for 300 gold pieces
 21850 | Snake:1  | Received a gift from Okawaru
 22049 | Snake:1  | Received a gift from Okawaru
 22049 | Snake:1  | Reached skill level 17 in Shields
 22274 | Snake:2  | Received a gift from Okawaru
 22330 | Snake:2  | Noticed Vashnia
 22402 | Snake:2  | Found a frozen archway.
 22425 | IceCv    | Entered an ice cave
 23074 | IceCv    | Received a gift from Okawaru
 23075 | IceCv    | Got a twisted flail {god gift}
 23174 | IceCv    | Noticed an Ice Fiend
 23249 | IceCv    | Killed an Ice Fiend
 23249 | IceCv    | Reached skill level 15 in Fighting
 24779 | Snake:2  | Found Goehet's Jewellery Shop.
 24779 | Snake:2  | Found Dyigy's Armour Boutique.
 24782 | Snake:2  | Bought an uncursed amulet of regeneration for 450 gold pieces
 25038 | Snake:2  | Reached skill level 18 in Shields
 25063 | Snake:2  | Killed Vashnia
 25085 | Snake:2  | Reached XP level 17. HP: 142/142 MP: 18/21
 25301 | Snake:2  | Reached skill level 15 in Armour
 25597 | Snake:2  | Received a gift from Okawaru
 26173 | Snake:3  | Found a radiant altar of Vehumet.
 26510 | Snake:3  | Identified the Papyrus of Entrancing Transformation
 26537 | Snake:3  | Found a runed gate.
 26537 | Snake:3  | Found a runed gate.
 26537 | Snake:3  | Found a runed gate.
 26764 | Snake:3  | Reached skill level 19 in Shields
 26923 | Snake:3  | Found Nyvamm's Assorted Antiques.
 26950 | Snake:3  | Bought a scroll labeled PIZAER MIVUUL for 23 gold pieces
 26950 | Snake:3  | Bought a scroll of enchant weapon for 172 gold pieces
 27158 | Snake:4  | Entered Level 4 of the Snake Pit
 27252 | Snake:3  | Received a gift from Okawaru
 27399 | Snake:4  | Noticed Aizul
 27417 | Snake:4  | Killed Aizul
 27745 | Snake:4  | Found a flickering gateway to a bazaar.
 27752 | Bazaar   | Entered a bazaar
 27757 | Bazaar   | Found Poecuent's Book Emporium.
 27758 | Bazaar   | Found Emehi's Antique Armour Emporium.
 27793 | Bazaar   | Found Lagoerphutho's Assorted Antiques.
 27794 | Bazaar   | Found Lyshri's Distillery.
 27834 | Bazaar   | Bought a heavily runed scale mail for 234 gold pieces
 27844 | Bazaar   | Identified the cursed +1 scale mail of an ice cave {rPois rF++ MR- Str+4} (You bought it in a shop in a bazaar)
 27873 | Bazaar   | Bought a scroll of teleportation for 75 gold pieces
 27873 | Bazaar   | Bought a wand of paralysis (?/24) for 50 gold pieces
 27885 | Bazaar   | Bought a potion of heal wounds for 70 gold pieces
 27885 | Bazaar   | Bought a potion of resistance for 140 gold pieces
 28461 | Snake:4  | Reached XP level 18. HP: 137/149 MP: 22/24
 28569 | Snake:4  | Received a gift from Okawaru
 28587 | Snake:4  | Reached skill level 20 in Shields
 29318 | Snake:4  | Received a gift from Okawaru
 29586 | Snake:4  | Got a serpentine rune of Zot
 29782 | Swamp:1  | Entered Level 1 of the Swamp
 30535 | Swamp:2  | Noticed Nikola
 30553 | Swamp:2  | Killed Nikola
 30648 | Swamp:2  | Got a pair of crude gloves
 30659 | Swamp:2  | Identified the +3 pair of gloves of Filth {rElec Dex+4} (You took it off Nikola on level 2 of the Swamp)
 31367 | Swamp:3  | Reached skill level 21 in Shields
 31669 | Swamp:3  | Learned a level 2 spell: Blink
 31685 | Swamp:3  | Received a gift from Okawaru
 31688 | Swamp:3  | Got a bloodstained lajatang {god gift}
 31865 | Swamp:3  | Reached XP level 19. HP: 159/159 MP: 25/25
 32071 | Swamp:4  | Entered Level 4 of the Swamp
 32371 | Swamp:4  | Noticed Bai Suzhen
 32423 | Swamp:4  | Killed Bai Suzhen
 32479 | Swamp:4  | Noticed Donald
 32492 | Swamp:4  | Killed Donald
 32580 | Swamp:4  | Got a decaying rune of Zot
 32589 | Swamp:4  | Noticed Roxanne
 32607 | Swamp:4  | Killed Roxanne
 32790 | Swamp:4  | Got a faintly humming chain mail
 32791 | Swamp:4  | Identified the +5 chain mail of Creativity {+Blink Int-5 Dex+4} (You found it on level 4 of the Swamp)
 32871 | Swamp:4  | Got a crude chain mail
 32872 | Swamp:4  | Identified the cursed +0 chain mail of the Fife {+Fly rC+ MR+++ Int-4} (You found it on level 4 of the Swamp)
 33423 | Vaults:1 | Entered Level 1 of the Vaults
 33479 | Vaults:1 | Received a gift from Okawaru
 33669 | Vaults:1 | Reached skill level 22 in Shields
 34266 | Vaults:1 | Received a gift from Okawaru
 34945 | Vaults:1 | Received a gift from Okawaru
 35208 | Vaults:1 | Reached XP level 20. HP: 168/168 MP: 26/26
 35434 | Vaults:2 | Reached skill level 15 in Maces & Flails
 35486 | Vaults:2 | Found a staircase to the Crypt.
 35575 | Vaults:2 | Received a gift from Okawaru
 35629 | Vaults:2 | Got a brightly glowing scarf {god gift}
 35640 | Vaults:2 | Identified the scarf "Exucyut" {MR+} (Okawaru gifted it to you on level 2 of the Vaults)
 36266 | Vaults:2 | Received a gift from Okawaru
 36592 | Vaults:2 | Received a gift from Okawaru
 36661 | Vaults:2 | Noticed Margery
 36677 | Vaults:2 | Killed Margery
 36693 | Vaults:2 | Reached XP level 21. HP: 177/177 MP: 23/27
 37507 | Vaults:3 | Reached skill level 23 in Shields
 37615 | Vaults:3 | Received a gift from Okawaru
 37777 | Vaults:3 | Reached skill level 10 in Dodging
 38025 | Vaults:3 | Found a roughly hewn altar of Beogh.
 38370 | Vaults:3 | Cast into level 4 of the Abyss (a Zot trap)
 38629 | Abyss:4  | Received a gift from Okawaru
 38864 | Abyss:4  | Paralysed by accursed screaming for 1 turns
 38875 | Abyss:4  | Paralysed by accursed screaming for 2 turns
 38884 | Abyss:4  | Paralysed by accursed screaming for 2 turns
 38896 | Abyss:4  | Reached XP level 22. HP: 85/188 MP: 23/28
 39067 | Abyss:4  | Lost intelligence.
 39431 | Abyss:4  | Gained mutation: You tend to lose your temper in combat. [a neqoxec]
 39437 | Abyss:4  | Lost intelligence.
 39438 | Abyss:4  | Gained mutation: Potions are less effective at restoring your health. [a neqoxec]
 39555 | Abyss:4  | Lost intelligence.
 39607 | Abyss:4  | HP: 5/190 [starcursed mass/accursed screaming (9)]
 39607 | Abyss:4  | Slain by a small abomination

Skill      XL: |  1  2  3  4  5  6  7  8  9 10 11 12 13 14 15 16 17 18 19 20 21 22 |
---------------+-------------------------------------------------------------------+-----
Armour         | 4 5 6 8 10 13 14 15 16 17 | 17.1
Maces & Flails | 3 5 6 8 10 12 14 16 17 18 | 18.3
Fighting       | 4 6 7 8 9 10 11 12 14 15 16 17 18 19 20 | 20.0
Shields        | 4 6 8 11 14 16 18 19 21 22 23 | 23.5
Evocations     | 5 |  5.3
Invocations    | 2 5 6 8 |  8.2
Throwing       | 4 |  4.7
Dodging        | 4 5 7 8 9 10 | 10.1

Action                   |  1- 3 |  4- 6 |  7- 9 | 10-12 | 13-15 | 16-18 | 19-21 | 22-24 || total
-------------------------+-------+-------+-------+-------+-------+-------+-------+-------++-------
Melee: Flail             |   139 |   184 |   435 |   268 |       |       |       |       ||  1026
       Morningstar       |       |       |       |    58 |       |       |       |       ||    58
       Demon whip        |       |       |       |   123 |  1785 |  2148 |   447 |       ||  4503
       Eveningstar       |       |       |       |       |       |       |  1905 |   349 ||  2254
Throw: Javelin           |       |     4 |     6 |     4 |     4 |    26 |     1 |       ||    45
       Tomahawk          |       |       |       |     9 |       |       |       |       ||     9
       Throwing net      |       |       |       |       |       |     1 |       |       ||     1
Invok: Heroism           |       |       |     3 |     4 |    32 |    46 |    34 |     4 ||   123
       Finesse           |       |       |       |       |     1 |    10 |    10 |     2 ||    23
 Abil: Hop               |     1 |     1 |     1 |     1 |     2 |     3 |     2 |       ||    11
       Evoke Flight      |       |       |       |       |       |     1 |       |       ||     1
Evoke: Wand              |       |       |     5 |    20 |    15 |     6 |     5 |     1 ||    52
       Sack of spiders   |       |       |       |       |     1 |     1 |       |       ||     2
       Box of beasts     |       |       |       |       |     1 |       |       |       ||     1
  Use: Potion            |       |     1 |     7 |     1 |     4 |     9 |    12 |    10 ||    44
       Scroll            |       |     1 |     7 |     8 |    12 |    15 |    14 |       ||    57
 Stab: Confused          |       |       |     3 |     2 |     2 |       |       |       ||     7
       Invisible         |       |       |     1 |       |    10 |       |       |       ||    11
       Paralysed         |       |       |       |    38 |     3 |       |     5 |       ||    46
       Distracted        |       |       |       |       |     1 |       |       |       ||     1
       Petrified         |       |       |       |       |    10 |       |       |       ||    10
       Petrifying        |       |       |       |       |     3 |       |       |       ||     3
       Held in net/web   |       |       |       |       |       |     2 |       |       ||     2
  Eat: Chunk             |     2 |     5 |     9 |     7 |    18 |    16 |    20 |       ||    77
       Royal jelly       |       |       |     2 |       |     2 |    11 |     6 |       ||    21
       Fruit             |       |       |     5 |     1 |    17 |     3 |       |       ||    26
       Meat ration       |       |       |       |     1 |       |       |     1 |     1 ||     3
       Bread ration      |       |       |       |       |       |       |       |     1 ||     1
Armor: Scale mail        |    48 |       |       |    26 |    16 |       |       |       ||    90
       Plate armour      |    24 |   131 |   273 |   109 |    60 |   358 |    48 |       ||  1003
       Skin              |       |       |    33 |       |       |       |       |       ||    33
       Chain mail        |       |       |       |    61 |   276 |       |       |       ||   337
       Storm dragon scal |       |       |       |       |       |       |   630 |   116 ||   746
Dodge: Dodged            |    39 |    25 |    49 |   114 |   372 |   389 |   728 |   132 ||  1848
Block: Shield            |    63 |    80 |   208 |   209 |    92 |   649 |       |       ||  1301
       Large shield      |       |       |       |       |  1200 |   698 |  2585 |   399 ||  4882
       Reflection        |       |       |       |       |    11 |    39 |    92 |     3 ||   145
